AoeStats
← Luo_ji22

Arabia

506388330Analyzed
1v1 RM · 20d ago on Sep 13, 2026· 39m 6s· 2 players
Game mode
Random Map
Map size
Tiny (2 player)
Population
200
Speed
Normal
Resources
Standard
Victory
Conquest
Starting age
Dark Age
Ending age
Imperial Age
RankedLock teamsTeams togetherTeam positionsShared explorationLock speedFull tech treeHidden civsTurbo modeCheats
Victory
Defeat
🇨🇳 Franks · China
852
+18
🇨🇭 Burgundians · Switzerland
895
-29
EASONKING
0:33 Loom
11:29 Feudal Age
12:14 Double-Bit Axe
14:46 Wheelbarrow
14:06 Gold Mining
18:29 Castle Age
20:15 Forging
20:24 Bow Saw
20:30 Husbandry
22:48 Scale Barding Armor
27:59 Chain Barding Armor
28:15 Iron Casting
30:18 Hand Cart
32:17 Stone Mining
33:03 Gold Shaft Mining
35:09 Town Watch
36:08 Iron Casting
Luo_ji22
6:24 Loom
12:29 Feudal Age
18:32 Castle Age
17:41 Fletching
17:40 Horse Collar
17:47 Double-Bit Axe
19:49 Bow Saw
19:41 Heavy Plow
19:26 Pikeman
19:35 Crossbowman
27:02 Scale Mail Armor
28:47 Pikeman
Connection lost

Rejoining the realm…

Still unreachable

The connection could not be restored.

Session expired

The server has moved on; the page needs a fresh start.